Map: Blackpink LE

Players

Probe

  • Race: Protoss Protoss
  • Spawn Location: 7:00

PtitDrogo - Winner!

  • Race: Protoss Protoss
  • Spawn Location: 1:00

Event: IEM Season 12 - Katowice

VOD

Have the link to the VOD?

Description

Time

  • Played on: Feb. 26, 2018, 6:38 a.m.
  • Length: 8:50

All games in this series

Show
View Real Time Build Order
Export as new Build Order

Probe Protoss 

Build Orders: Oracle Opening, Phoenix Opening, Zealot Archon 

Get SALT Encoding   

  12  0:00  Probe  
  13  0:12  Probe  
  14  0:17  Pylon  
  14  0:25  Probe  
  15  0:35  Gateway  
  15  0:37  Probe (Chrono Boost)  
  16  0:46  Probe (Chrono Boost)  
  16  0:47  Assimilator  
  17  0:51  Probe (Chrono Boost)  
  17  0:55  Assimilator  
  18  1:03  Probe (Chrono Boost)  
  19  1:07  Gateway  
  20  1:11  Probe (Chrono Boost)  
  20  1:17  Probe  
  20  1:23  Cybernetics Core  
  21  1:30  Probe  
  22  1:35  Pylon  
  22  1:42  Probe  
  23  1:54  Probe  
  24  1:59  Warp Gate, Sentry, Stalker  
  28  2:04  Pylon  
  28  2:27  Stargate  
  28  2:33  Pylon  
  28  2:47  Nexus  
  28  2:55  Stalker  
  29  3:03  Stalker  
  31  3:11  Phoenix (Chrono Boost)  
  33  3:15  Oracle (Chrono Boost)  
  33  3:18  Shield Battery  
  33  3:28  Phoenix (Chrono Boost)  
  35  3:34  Shield Battery  
  35  3:48  Phoenix (Chrono Boost)  
  35  3:52  Pylon  
  37  4:07  Robotics Facility  
  38  4:17  Probe x2 (Chrono Boost)  
  38  4:23  Phoenix  
  41  4:30  Probe x2 (Chrono Boost)  
  45  4:38  Probe (Chrono Boost)  
  45  4:41  Probe (Chrono Boost)  
  45  4:43  Probe (Chrono Boost)  
  46  4:46  Forge  
  46  4:48  Probe  
  47  4:53  Probe  
  47  4:56  Observer  
  47  4:57  Sentry  
  51  5:00  Probe  
  51  5:05  Probe  
  53  5:12  Probe  
  54  5:18  Probe  
  55  5:22  Protoss Ground Weapons Level 1 (Chrono Boost)  
  55  5:25  Probe  
  56  5:30  Probe  
  56  5:35  Immortal (Chrono Boost), Assimilator x2  
  62  5:45  Probe  
  62  5:46  Pylon  
  62  5:49  Pylon  
  62  5:52  Twilight Council  
  62  6:04  Probe x2  
  62  6:06  Pylon  
  64  6:16  Probe  
  65  6:19  Immortal  
  65  6:20  Pylon  
  65  6:21  Probe  
  70  6:25  Charge (Chrono Boost)  
  70  6:28  Probe  
  70  6:31  Gateway  
  71  6:35  Gateway  
  71  6:43  Templar Archives  
  71  6:52  Gateway  
  71  6:53  Gateway  
  71  6:59  Gateway  
  71  7:02  Gateway  
  71  7:09  Probe x2  
  73  7:22  Pylon, Nexus  
  73  7:23  Probe  
  70  7:40  High Templar x2  
  70  7:41  Zealot x2  
  70  7:44  Warp Prism  
  80  7:53  Archon, High Templar  
  80  7:54  High Templar  
  80  7:56  Shield Battery  
  80  7:57  Shield Battery  
  84  7:59  Archon  
  84  8:03  Zealot x2  
  88  8:12  High Templar x2  
  92  8:13  Zealot  
  92  8:14  Zealot  
  92  8:17  Archon  
  96  8:26  Zealot x3  
  102  8:35  Pylon x2  
  84  8:41  Zealot x3  
  84  8:46  Zealot  
Show
View Real Time Build Order
Export as new Build Order

PtitDrogo Protoss - Winner!

Build Orders: Zealot Archon 

Get SALT Encoding   

  12  0:00  Probe  
  13  0:12  Probe  
  14  0:17  Pylon  
  14  0:24  Probe (Chrono Boost)  
  15  0:36  Probe (Chrono Boost)  
  15  0:39  Gateway  
  16  0:43  Probe (Chrono Boost)  
  16  0:45  Assimilator  
  17  0:51  Probe (Chrono Boost)  
  17  0:54  Assimilator  
  18  1:03  Probe (Chrono Boost)  
  19  1:11  Probe (Chrono Boost)  
  20  1:14  Gateway  
  20  1:17  Probe  
  21  1:26  Cybernetics Core  
  21  1:30  Probe  
  22  1:34  Pylon  
  22  1:42  Probe  
  23  1:54  Probe  
  24  2:03  Warp Gate, Stalker x2  
  28  2:13  Pylon  
  28  2:21  Probe  
  29  2:25  Pylon  
  29  2:33  Sentry x2  
  33  2:38  Probe  
  34  2:52  Probe  
  35  3:00  Stalker  
  35  3:01  Sentry  
  39  3:06  Nexus  
  39  3:08  Shield Battery  
  39  3:20  Pylon  
  39  3:25  Shield Battery  
  39  3:32  Probe  
  39  3:38  Pylon  
  39  3:44  Probe (Chrono Boost), Robotics Facility  
  40  3:58  Probe (Chrono Boost)  
  40  4:02  Probe (Chrono Boost)  
  41  4:06  Stalker  
  44  4:13  Probe (Chrono Boost)  
  45  4:17  Forge  
  45  4:18  Probe (Chrono Boost)  
  47  4:25  Probe (Chrono Boost)  
  47  4:30  Probe (Chrono Boost), Adept  
  51  4:31  Probe (Chrono Boost)  
  51  4:32  Adept  
  53  4:39  Probe (Chrono Boost)  
  51  4:48  Probe (Chrono Boost), Protoss Ground Weapons Level 1 (Chrono Boost)  
  51  4:49  Probe (Chrono Boost)  
  52  4:54  Probe x2 (Chrono Boost)  
  52  4:55  Twilight Council  
  54  5:05  Probe  
  54  5:06  Probe  
  56  5:08  Assimilator  
  56  5:17  Probe  
  56  5:18  Probe  
  54  5:29  Assimilator  
  54  5:30  Probe (Chrono Boost)  
  54  5:31  Charge  
  54  5:33  Probe (Chrono Boost)  
  54  5:34  Templar Archives  
  56  5:38  Stalker  
  56  5:42  Probe (Chrono Boost)  
  60  5:43  Pylon  
  60  5:45  Probe (Chrono Boost)  
  60  5:46  Probe (Chrono Boost)  
  61  5:52  Pylon  
  61  5:53  Gateway  
  61  5:54  Probe  
  62  6:00  Gateway  
  62  6:05  Gateway x2  
  60  6:12  Probe  
  60  6:16  Probe  
  61  6:19  Warp Prism  
  61  6:23  Phoenix  
  61  6:24  Gateway x2  
  63  6:27  Protoss Ground Weapons Level 2 (Chrono Boost)  
  62  6:48  Nexus  
  62  6:49  Pylon  
  62  7:01  High Templar x4  
  70  7:09  Immortal  
  74  7:19  Archon x2  
  71  7:23  Pylon  
  71  7:24  Pylon  
  71  7:29  Zealot x4  
  79  7:33  Zealot  
  79  7:34  Zealot x2  
  85  7:54  High Templar x2  
  85  7:55  Zealot x4  
  85  7:56  Zealot x2  
  101  7:59  Archon  
  101  8:14  Pylon  
  101  8:17  High Templar  
  101  8:18  Zealot x3, High Templar  
  101  8:19  Zealot  
  113  8:22  Archon  
  113  8:26  Zealot  
  113  8:27  Zealot  
  117  8:39  Zealot x4  
  117  8:47  Zealot x2  

Tags
 
Add a new tag
Caveats
  • Supply blocks, unpowered buildings, or Contaminate may cause inaccurate times.
  • Supply counts are checked every 10 seconds.